 Dungeon Crawl Stone Soup version 0.28-a0-828-g0121872642 (webtiles) character file.

Game seed: 2371122063937281405

308 ders the Firebug (level 6, 0/32 HPs)
             Began as a Gargoyle Fire Elementalist on Nov 10, 2021.
             Slain by a phantom (3 damage)
             ... on level 3 of the Dungeon.
             The game lasted 00:09:53 (5233 turns).

ders the Firebug (Gargoyle Fire Elementalist)       Turns: 5233, Time: 00:09:54

Health: 0/32       AC:  6    Str: 12    XL:     6   Next: 40%
Magic:  2/11       EV: 11    Int: 17    God:
Gold:   113        SH:  5    Dex: 10    Spells: 1/12 levels left

rFire   . . .      SeeInvis .   m - +1 flail (venom)
rCold   . . .      Faith    .   g - +1 buckler
rNeg    + . .      Spirit   .   a - +0 robe
rPois   ∞          Reflect  .   (no helmet)
rElec   +          Harm     .   (no cloak)
rCorr   .          Rampage  .   (no gloves)
Will    .....                   (no boots)
Stlth   ++........              (no amulet)
HPRegen 0.10/turn               (no ring)
MPRegen 0.12/turn               (no ring)

@: brilliant
A: sickness immunity, AC +4, negative energy resistance 1, electricity
resistance, torment resistance 1, petrification resistance
a: no special abilities


You were on level 3 of the Dungeon.
You visited 1 branch of the dungeon, and saw 4 of its levels.

You collected 113 gold pieces.

Inventory:

Hand Weapons
 m - a +1 flail of venom (weapon)
Armour
 a - a +0 robe (worn)
 f - a +0 pair of boots
 g - a +1 buckler (worn)
Scrolls
 i - a scroll of enchant armour
 j - a scroll of enchant weapon {unknown}
 k - a scroll of holy word {unknown}
 n - a scroll of teleportation {unknown}
 o - a scroll of amnesia {unknown}
Potions
 c - a potion of degeneration
 d - a potion of resistance


   Skills:
 + Level 0.3 Fighting
 - Level 1.5 Dodging
 - Level 2.1 Stealth
 * Level 2.3 Shields
 + Level 0.2 Unarmed Combat
 + Level 3.8 Spellcasting
 * Level 2.5 Conjurations
 + Level 4.7 Fire Magic


You had one spell level left.
You knew the following spells:

 Your Spells              Type           Power      Damage    Failure   Level
a - Foxfire               Conj/Fire      92%        2x1d8     4%          1
b - Scorch                Fire           58%        2d8       4%          2
c - Flame Wave            Conj/Fire      23%        3d6       41%         4
d - Sticky Flame          Conj/Fire      23%        2d4       41%         4

Your spell library contained the following spells:

 Spells                   Type           Power      Damage    Failure   Level
 Conjure Flame            Conj/Fire      23%        6-21      13%         3
 Inner Flame              Hex/Fire       17%        N/A       22%         3
 Ignite Poison            Fire/Tmut/Pois 13%        N/A       30%         3


Dungeon Overview and Level Annotations

Branches:
Dungeon (4/15)
 Temple: D:4-7

Altars:
Nemelex Xobeh
Xom

Annotations:
D:4 Eustachio


Innate Abilities, Weirdness & Mutations

You are immune to sickness and miasma.
Your stone body is resilient. (AC +4)
You are immune to poison.
You resist negative energy. (rN+)
You are resistant to electric shocks. (rElec)
You are resistant to unholy torment.
You are immune to petrification.


Message History

The phantom is heavily damaged.
Casting: Foxfire (safe; 4% risk of failure)
Confirm with . or Enter, or press ? or * to list all spells.
Flames lash the phantom.
The phantom is heavily damaged.
The phantom's fire resistance burns away.
The phantom hits you.
* * * LOW HITPOINT WARNING * * *
It was a potion of brilliance.
You feel clever all of a sudden. The phantom hits you.
* * * LOW HITPOINT WARNING * * *
The phantom blinks!
You blink.
Your magical contamination has completely faded away.
As you read the scroll labelled HAROAT VENTO, it crumbles to dust.
You hear a loud clanging noise!
It was a scroll of noise.
The phantom hits you.
* * * LOW HITPOINT WARNING * * *
The phantom blinks!
You blink.
As you read the scroll labelled JIOTAUNIRO, it crumbles to dust.
Wisps of shadow whirl around you...
It was a scroll of summoning.
The phantom is no longer more vulnerable to fire.
You block the phantom's attack.
Your orc closely misses the phantom.
Your adder bites the phantom but does no damage.
Your adder bites the phantom but does no damage.
Your adder completely misses the phantom.
The phantom hits your adder!
Your orc hits the phantom with a +0 whip.
Casting: Scorch (safe; 4% risk of failure)
Confirm with . or Enter, or press ? or * to list all spells.
You feel a surge of power!
Flames lash the phantom.
The phantom is severely damaged.
The phantom's fire resistance burns away.
Your adder closely misses the phantom.
Your adder bites the phantom but does no damage.
The phantom is no longer more vulnerable to fire.
Your adder bites the phantom but does no damage.
Your adder barely misses the phantom.
The phantom hits you.
You die...

#............... #####
########.###.......)... ....#
###........# ##..........
....#####...######## ######.####
..........### #.#
..........####### #.#
...........##...# #.####
....###.........### ### #.##..
##......##.#..#.@.####.## #.....
#...###....#..##.W.##.#.####..##.
#.### ###..(....oS##.#.#.##...##.
..######.[.......##.#.#.#.##.....
.)#......#......##.#.###.#.######
....#######....##.#.##)##.#.## #
...## #.....##.#.##.#.##.#.## #
...# ##.#.w##.#.##.#.#.##.#.###
#.## #....##.#.##.#.#.#.##(#.##


You could see a phantom (ally target), a friendly worm (summoned), a friendly
adder (summoned) and a friendly orc (summoned).

Vanquished Creatures
  A scorpion (D:3)
  A hound (D:4)
  An orc wizard (D:3)
  3 gnolls (D:3)
  A howler monkey zombie (D:4)
  6 adders
  A white imp (D:3)
  A worm (D:3)
  A dart slug (D:3)
  3 orcs
  7 ball pythons
  7 endoplasms
  8 giant cockroaches
  5 goblins
  9 hobgoblins
  12 jackals
  A kobold (D:2)
  A quokka (D:2)
  6 bats
  7 frilled lizards
  8 rats
90 creatures vanquished.

Vanquished Creatures (others)
  293 foxfires
  3 plants
296 creatures vanquished.

Grand Total: 386 creatures vanquished

Notes
Turn   | Place    | Note
-------+----------+-------------------------------------------
     0 | D:1      | ders the Gargoyle Fire Elementalist began the quest for the
                  | Orb.
     0 | D:1      | Reached XP level 1. HP: 10/10 MP: 3/3
   136 | D:1      | Reached XP level 2. HP: 15/15 MP: 0/5
   754 | D:1      | Reached XP level 3. HP: 19/19 MP: 2/6
  1234 | D:1      | Learned a level 2 spell: Scorch
  1764 | D:2      | Found a shimmering altar of Xom.
  1945 | D:2      | Reached XP level 4. HP: 18/24 MP: 3/8
  2351 | D:2      | Found a faded altar of an unknown god.
  2965 | D:3      | Reached skill level 4 in Fire Magic
  3207 | D:3      | Reached XP level 5. HP: 28/28 MP: 6/10
  3286 | D:3      | Reached skill level 1 in Shields
  4457 | D:4      | Found a sparkling altar of Nemelex Xobeh.
  4806 | D:3      | Reached XP level 6. HP: 16/32 MP: 2/11
  4970 | D:3      | Learned a level 4 spell: Flame Wave
  4975 | D:3      | Learned a level 4 spell: Sticky Flame
  5159 | D:4      | Noticed Eustachio
  5216 | D:3      | HP: 1/32 [phantom (2)]
  5233 | D:3      | Slain by a phantom

Illustrated notes

Levels and vault maps discovered:
D:1:      minmay_arrival_radiant_lines, layout_basic
D:2:      layout_basic, hellmonk_ecumenical_altar_dog_temple, basic_altar,
          serial_bayou_pond_d, kennysheep_path_1, minmay_split_cup_large
D:3:      minmay_inner_zag, layout_rooms, lightli_corner_chamber
D:4:      layout_basic, mainiacjoe_overflow_brackets, trog_ov_bears_minmay,
          temple_doors_ab, serial_undead, serial_undead_d, serial_undead_c,
          serial_undead_f, serial_undead_f, serial_bayou_pond_d, uniq_ijyb,
          uniq_edmund, uniq_eustachio

Skill      XL: |  1  2  3  4  5 |
---------------+----------------+-----
Spellcasting   | 3 |  3.8
Fire Magic     | 4 |  4.7
Conjurations   | 2 |  2.5
Shields        | 2 |  2.3
Fighting       | |  0.3
Dodging        | |  1.5
Stealth        | |  2.1
Unarmed Combat | |  0.2

Action                   |  1- 3 |  4- 6 || total
-------------------------+-------+-------++-------
Melee: Unarmed           |    19 |    28 ||    47
 Cast: Foxfire           |    72 |   123 ||   195
       Scorch            |     4 |    15 ||    19
  Use: Scroll            |       |     5 ||     5
       Potion            |       |     2 ||     2
Armor: Robe              |    14 |    44 ||    58
Dodge: Dodged            |    25 |    77 ||   102
Block: Buckler           |       |    25 ||    25

Table legend: (Time is in decaauts)
 A = Elapsed time spent in this place.
 B = Non-inter-level travel time spent in this place.
 C = Inter-level travel time spent in this place.
 D = Time resting spent in this place.
 E = Time spent auto-exploring this place.
 F = Levels seen in this place.
 G = Mean time per level.
                   A        B        C        D        E       F      G
               +--------+--------+--------+--------+--------+-----+--------+
         Total |   5224 |   5153 |     71 |   2417 |   1917 |   4 | 1306.0 |
       Dungeon |   5224 |   5153 |     71 |   2417 |   1917 |   4 | 1306.0 |
               +--------+--------+--------+--------+--------+-----+--------+

Top non-repeatable levels by time:
     D:2: 1990 daAuts
     D:3: 1768 daAuts
     D:1: 1221 daAuts
     D:4: 243 daAuts
